 Dungeon Crawl Stone Soup version 0.27-a0-412-g8dd771eca2 (webtiles) character file.

Game seed: 15393129560312897870

5493 Nattfarinn the Envoy of Void (level 11, -5/87 HPs)
             Began as a Formicid Abyssal Knight on Feb 24, 2021.
             Was a High Priest of Lugonu.
             Slain by a two-headed ogre
             ... wielding a +0 giant club
              (15 damage)
             ... on level 10 of the Dungeon.
             The game lasted 00:27:21 (13066 turns).

Nattfarinn the Envoy of Void (FoAK)                Turns: 13066, Time: 00:27:21

Health: -5/87      AC: 23    Str: 20    XL:     11   Next: 1%
Magic:  18/18      EV: 10    Int: 15    God:    Lugonu [*****.]
Gold:   1328       SH:  5    Dex: 12    Spells: 10/10 levels left

rFire    x . .     SeeInvis +   J - +7 trident "Widar" {holy, rPois Int+3}
rCold    + + .     Faith    .   h - +0 buckler
rNeg     + . .     Spirit   .   P - +8 ice dragon scales of Wur Jogh {rElec rF- rC++ rN+ Dex+2 SInv}
rPois    +         Reflect  .   (helmet unavailable)
rElec    +         Harm     +   H - scarf {harm}
rCorr    .         Rampage  .   y - +1 pair of gloves
Will     +++..                  (no boots)
Stlth    ..........             (no amulet)
HPRegen  0.24/turn              M - ring of willpower
MPRegen  0.16/turn              e - ring of willpower

@: no status effects
A: permanent stasis, dig shafts and tunnels, four strong arms, antennae 3, sense
surroundings 1, MP-powered wands
a: Dig, Shaft Self, Renounce Religion, Depart the Abyss, Bend Space, Banish,
Corrupt, Enter the Abyss


You were on level 10 of the Dungeon.
You worshipped Lugonu.
Lugonu was extremely pleased with you.
You visited 1 branch of the dungeon, and saw 10 of its levels.
You visited the Abyss 1 time.
You also visited: Bailey.

You collected 1328 gold pieces.

Inventory:

Hand Weapons
 a - a +1 hand axe
 k - a +2 spear of distortion
 s - a +2 whip of electrocution
 u - the +9 whip of Vaumneowk {pain, rPois rN+++ Int+3 Dex-2}
   (You found it on level 4 of the Dungeon)

   In the hands of one skilled in necromantic magic, it inflicts extra damage on
   living creatures.
   It affects your intelligence (+3).
   It affects your dexterity (-2).
   It protects you from poison.
   It renders you almost immune to negative energy.
 J - the +7 trident "Widar" (weapon) {holy, rPois Int+3}
   (You found it on level 7 of the Dungeon)

   It has been blessed by the Shining One to cause great damage to the undead
   and demons.
   It affects your intelligence (+3).
   It protects you from poison.
Missiles
 r - 5 silver javelins (quivered)
Armour
 b - a +0 leather armour
 f - a +0 ring mail
 h - a +0 buckler (worn)
 p - a +0 ring mail of cold resistance
 y - a +1 pair of gloves (worn)
 E - +0 acid dragon scales
 H - a scarf of harm (worn)
 P - the +8 ice dragon scales of Wur Jogh (worn) {rElec rF- rC++ rN+ Dex+2 SInv}
   (You found it in a bailey)

   It affects your dexterity (+2).
   It makes you vulnerable to fire.
   It greatly protects you from cold.
   It insulates you from electricity.
   It protects you from negative energy.
   It lets you see invisible.
Jewellery
 e - a ring of willpower (right hand)
 m - a ring of magical power
 M - a ring of willpower (left hand)
 N - a ring of willpower
 S - a ring of magical power
Wands
 j - a wand of charming (25)
 v - a wand of mindburst (5)
 F - a wand of random effects (32)
 O - a wand of iceblast (9)
Scrolls
 d - a scroll of enchant weapon {unknown}
 g - 13 scrolls of identify {unknown}
 l - a scroll of noise {unknown}
 o - 2 scrolls of teleportation {unknown}
 q - 2 scrolls of enchant armour {unknown}
 B - a scroll of amnesia {unknown}
 D - a scroll of random uselessness {unknown}
 Q - a scroll of acquirement {unknown}
 R - a scroll of magic mapping {unknown}
Potions
 c - 3 potions of degeneration
 i - 3 potions of mutation
 n - 3 potions of brilliance
 t - 6 potions of curing
 w - a potion of magic {unknown}
 x - 2 potions of cancellation {unknown}
 z - a potion of invisibility
 A - 2 potions of ambrosia {unknown}
 C - 2 potions of attraction {unknown}
 G - a potion of resistance {unknown}
 I - 5 potions of flight
 K - a potion of haste {unknown}
 L - 2 potions of might {unknown}
 T - a potion of heal wounds {unknown}


   Skills:
 + Level 8.8 Fighting
 - Level 2.4 Axes
 - Level 9.5 Armour
 - Level 0.8 Dodging
 - Level 4.2 Shields
 - Level 10.3 Invocations
 * Level 5.6 Evocations


You had 10 spell levels left.
You didn't know any spells.
Your spell library contained the following spells:

 Spells                   Type           Power        Failure   Level
 Animate Skeleton         Necr           0%           61%         1
 Apportation              Tloc           0%           61%         1
 Corona                   Hex            0%           61%         1
 Pain                     Necr           0%           61%         1
 Sting                    Tmut/Pois      0%           61%         1
 Summon Small Mammal      Summ           0%           61%         1
 Poisonous Vapours        Pois/Air       0%           75%         2
 Ignite Poison            Fire/Tmut/Pois 0%           93%         3
 Mephitic Cloud           Conj/Pois/Air  0%           93%         3
 Vampiric Draining        Necr           0%           93%         3
 Animate Dead             Necr           0%           100%        4
 Olgreb's Toxic Radiance  Pois           0%           100%        4
 Agony                    Necr           0%           100%        5


Dungeon Overview and Level Annotations

Branches:
Dungeon (10/15)            Temple (0/1) D:5          Bailey (visited)
   Lair: D:8-11         Orc: D:9-12

Altars:
Kikubaaqudgha
Makhleb
Okawaru
Qazlal
Trog
Xom

Shops:
D:9 [


Innate Abilities, Weirdness & Mutations

You cannot be hasted, slowed, berserked, paralysed or teleported.
You can dig through walls and to a lower floor.
Your four strong arms can wield two-handed weapons with a shield.
You have a pair of large antennae on your head. (SInv)
You passively map a small area around you.
You expend magic power (3 MP) to strengthen your wands.


Message History

You block the orc's attack. The adder closely misses you.
The orc priest mumbles some strange prayers to Beogh against you.
Beogh smites you!
You hit the orc.
The orc is almost dead.
The orc hits you but does no damage. The adder closely misses you.
An orc comes into view.
You barely miss the orc. You block the adder's attack.
The adder closely misses you.
You hit the orc.
The orc is almost dead.
The adder bites you. The orc hits you but does no damage.
You hit the orc but do no damage.
The orc is almost dead.
The orc hits you but does no damage.
Unknown command.
You hit the orc.
You kill the orc!
Lugonu accepts your kill.
The two-headed ogre hits you with a +0 giant club! x2
You puncture the cyan ugly thing!
The cyan ugly thing is moderately wounded.
The two-headed ogre barely misses you. x2
The cyan ugly thing stings you but does no damage.
The orc priest invokes the aid of Beogh against you.
Beogh smites you!
Unknown command.
There is an open door here.
You fail to use your ability.
The two-headed ogre hits you with a +0 giant club!
* * * LOW HITPOINT WARNING * * *
The two-headed ogre hits you with a +0 giant club!
* * * LOW HITPOINT WARNING * * *
Unknown command.
Unknown command.
Okay, then.
Okay, then.
You fail to use your ability.
The two-headed ogre hits you with a +0 giant club!
You die...

* # , ... , ...# ,
....> , .., , ...# , ,
....#*,, #., ...# ,
....######'###...##. ,
* #.......#...)......
, , *
#..##...#.oo....... ,
,
,,##..##..##Su##{.....
#...##..###O# ,.....,
,, #.........@.# ,.###
, ######......#,, #
########..##......# ,+
,
......#...........#*,,
* ......#...........#
* * , #<##..##.###..#
*, ##)##..##.# #..# ,
#...).....# ....'
#.[.......#,, .#


You could see a cyan ugly thing, a two-headed ogre, an orc priest and an orc.

Vanquished Creatures
  A two-headed ogre (D:10)
  A manticore (D:9)
  A troll (D:10)
  3 yaks (D:9)
  2 water moccasins
  A black bear (D:9)
  A hornet zombie (D:5)
  5 ogres
  A necrophage (D:8)
  3 centaurs
  2 phantoms
  2 kobold brigands
  Blork the orc (D:6)
  9 bullfrogs
  A scorpion (D:9)
  8 wights
  6 howler monkeys
  A bullfrog zombie (D:6)
  A quasit (D:10)
  A lava snake (D:8)
  A hound (D:9)
  A centaur skeleton (D:7)
  4 orc priests
  2 jellies
  5 iguanas
  5 worker ants
  Ijyb (D:4)
  8 orc wizards
  Robin (D:3)
  4 gnolls (D:5)
  A howler monkey skeleton (D:5)
  9 adders
  2 shadow imps
  5 white imps
  3 adder skeletons
  3 worms
  2 dart slugs (D:1)
  10 leopard geckos
  31 orcs
  6 giant cockroaches
  18 goblins
  13 hobgoblins
  19 jackals
  21 kobolds
  3 quokkas
  3 ball pythons
  9 bats
  5 frilled lizards
  2 leopard gecko skeletons
  10 rats
258 creatures vanquished.

Vanquished Creatures (others)
  7 orc warriors (Bailey)
  3 orcs (Bailey)
  2 goblins (Bailey)
  A hobgoblin (Bailey)
  8 kobolds (Bailey)
21 creatures vanquished.

Grand Total: 279 creatures vanquished

Notes
Turn   | Place    | Note
-------+----------+-------------------------------------------
     0 | Abyss:1  | Nattfarinn the Formicid Abyssal Knight began the quest for
                  | the Orb.
     0 | Abyss:1  | Reached XP level 1. HP: 18/18 MP: 2/2
    13 | D:1      | Escaped the Abyss
   111 | D:1      | Reached XP level 2. HP: 17/24 MP: 3/3
   642 | D:1      | Reached XP level 3. HP: 25/30 MP: 4/4
  1065 | D:1      | Reached ** piety under Lugonu
  1299 | D:2      | Reached XP level 4. HP: 21/37 MP: 5/5
  1545 | D:2      | Found a burning altar of Makhleb.
  2008 | D:2      | Reached skill level 1 in Shields
  2367 | D:2      | Found a shimmering altar of Xom.
  2486 | D:2      | Reached XP level 5. HP: 42/42 MP: 6/6
  2951 | D:3      | Reached *** piety under Lugonu
  3174 | D:3      | Noticed Robin
  3180 | D:3      | Gained mutation: Your muscles are strong. (Str +2) [potion
                  | of mutation]
  3180 | D:3      | Gained mutation: You passively map a small area around you.
                  | [potion of mutation]
  3180 | D:3      | Lost mutation: Your muscles are strong. (Str +2) [potion of
                  | mutation]
  3180 | D:3      | Gained mutation: You expend magic power (3 MP) to
                  | strengthen your wands. [potion of mutation]
  3477 | D:3      | Killed Robin
  3894 | D:3      | Reached XP level 6. HP: 39/47 MP: 7/7
  4178 | D:4      | Found an iron altar of Okawaru.
  4207 | D:3      | Reached skill level 5 in Armour
  4736 | D:4      | Noticed an ogre
  4746 | D:4      | Killed an ogre
  4747 | D:4      | Reached XP level 7. HP: 10/54 MP: 8/8
  5176 | D:4      | Got a scorched whip
  5177 | D:4      | Identified the +9 whip of Vaumneowk {pain, rPois rN+++
                  | Int+3 Dex-2} (You found it on level 4 of the Dungeon)
  5597 | D:4      | Noticed Ijyb
  5607 | D:4      | Killed Ijyb
  6017 | D:5      | Entered Level 5 of the Dungeon
  6027 | D:5      | Found a staircase to the Ecumenical Temple.
  6561 | D:5      | Reached **** piety under Lugonu
  7109 | D:5      | Reached XP level 8. HP: 37/60 MP: 9/9
  8251 | D:6      | Noticed Blork the orc
  8256 | D:6      | Killed Blork the orc
  8578 | D:6      | Noticed a moth of wrath
  8581 | D:6      | Found a bloodstained altar of Trog.
  9031 | D:7      | Reached skill level 3 in Invocations
  9358 | D:7      | Reached skill level 4 in Invocations
  9358 | D:7      | Reached XP level 9. HP: 66/66 MP: 10/12
  9758 | D:7      | Reached skill level 5 in Fighting
  9772 | D:7      | Got a jewelled trident
  9773 | D:7      | Identified the +7 trident "Widar" {holy, rPois Int+3} (You
                  | found it on level 7 of the Dungeon)
 10183 | D:7      | Reached skill level 5 in Invocations
 10505 | D:7      | Reached skill level 6 in Invocations
 10607 | D:8      | Found a stormy altar of Qazlal.
 10663 | D:8      | Reached skill level 7 in Invocations
 11006 | D:8      | Found an ancient bone altar of Kikubaaqudgha.
 11061 | D:8      | Reached ***** piety under Lugonu
 11240 | D:9      | Reached skill level 8 in Invocations
 11268 | D:9      | Reached XP level 10. HP: 51/77 MP: 16/16
 11274 | D:9      | Found a flagged portal.
 11347 | Bailey   | Entered a bailey
 11461 | Bailey   | Identified the +8 ice dragon scales of Wur Jogh {rElec rF-
                  | rC++ rN+ Dex+2 SInv}
 11477 | Bailey   | Corrupted Bailey
 11477 | Bailey   | Noticed a starcursed mass
 11477 | Bailey   | Noticed an apocalypse crab
 11477 | Bailey   | Noticed an apocalypse crab
 11477 | Bailey   | Noticed a purple draconian
 11485 | Bailey   | Noticed a thrashing horror
 11487 | Bailey   | Noticed a great orb of eyes
 11868 | D:9      | Reached skill level 9 in Invocations
 12136 | D:9      | Noticed a manticore
 12154 | D:9      | Killed a manticore
 12155 | D:9      | Reached skill level 10 in Invocations
 12396 | D:9      | Reached skill level 1 in Evocations
 12478 | D:9      | Found Bots's Armour Shop.
 12591 | D:10     | Entered Level 10 of the Dungeon
 12601 | D:10     | Noticed a two-headed ogre
 12622 | D:10     | Killed a two-headed ogre
 12666 | D:9      | Reached skill level 5 in Evocations
 12947 | D:9      | Reached XP level 11. HP: 70/87 MP: 18/18
 13054 | D:10     | Noticed a two-headed ogre
 13054 | D:10     | Noticed a cyan ugly thing
 13066 | D:10     | Slain by a two-headed ogre

Illustrated notes

Levels and vault maps discovered:
D:1:      lemuel_arrival_rhombus, layout_basic, minmay_surrounded
D:2:      minmay_wonky_spiral, layout_loops_ring, overflow_temple_1_default,
          brannock_xom_greatest_gift
D:3:      layout_loops_ring, uniq_robin
D:4:      layout_gridville, okawaru_trees_2, uniq_ijyb
D:5:      layout_basic, minmay_temple_entry_glass, minivault_1
D:6:      layout_cave_pods, chequers_serial_rivers_small_b,
          minmay_misc_feat_cross, tgw_trog, uniq_blork_the_orc
D:7:      layout_layer_cave, minivault_22
D:8:      layout_rooms, kennysheep_mini_moat, kennysheep_path_1,
          grunt_qazlal_clouds
D:9:      layout_roguey, enter_bailey_4, serial_shops, shop, grunt_ministairs_4,
          kennysheep_generic_room_4
D:10:     layout_gridville, uniq_nergalle

Skill      XL: |  1  2  3  4  5  6  7  8  9 10 |
---------------+-------------------------------+-----
Armour         | 3 4 5 7 9 |  9.5
Fighting       | 4 6 8 |  8.8
Shields        | 1 2 3 4 |  4.2
Invocations    | 4 8 10 | 10.3
Evocations     | 5 |  5.6
Axes           | |  2.4
Dodging        | |  0.8

Action                   |  1- 3 |  4- 6 |  7- 9 | 10-12 || total
-------------------------+-------+-------+-------+-------++-------
Melee: Hand axe          |   111 |    37 |       |       ||   148
       Spear             |       |    79 |       |       ||    79
       Whip              |       |   122 |   202 |       ||   324
       Trident           |       |       |   139 |   195 ||   334
Invok: Corrupt           |       |       |       |     1 ||     1
Evoke: Wand              |       |       |     5 |       ||     5
  Use: Potion            |       |     5 |     1 |       ||     6
Armor: Leather armour    |    18 |       |       |       ||    18
       Ring mail         |    36 |    90 |    22 |       ||   148
       Skin              |       |       |     1 |       ||     1
       Acid dragon scale |       |       |    91 |     5 ||    96
       Ice dragon scales |       |       |       |   147 ||   147
Dodge: Dodged            |    92 |   124 |   149 |   132 ||   497
Block: Buckler           |       |    35 |    86 |    58 ||   179

Table legend: (Time is in decaauts)
 A = Elapsed time spent in this place.
 B = Non-inter-level travel time spent in this place.
 C = Inter-level travel time spent in this place.
 D = Time resting spent in this place.
 E = Time spent auto-exploring this place.
 F = Levels seen in this place.
 G = Mean time per level.
                   A        B        C        D        E       F      G
               +--------+--------+--------+--------+--------+-----+--------+
         Total |  13203 |  12918 |    285 |   3849 |   6957 |  12 | 1100.2 |
       Dungeon |  12738 |  12453 |    285 |   3807 |   6789 |  10 | 1273.8 |
         Abyss |     13 |     13 |      0 |      0 |      0 |   1 |   13.0 |
        Bailey |    451 |    451 |      0 |     42 |    168 |   1 |  451.0 |
               +--------+--------+--------+--------+--------+-----+--------+

Top non-repeatable levels by time:
     D:5: 1832 daAuts
     D:2: 1712 daAuts
     D:7: 1623 daAuts
     D:3: 1622 daAuts
     D:4: 1428 daAuts
     D:9: 1331 daAuts
     D:1: 1283 daAuts
     D:6: 1136 daAuts
     D:8: 629 daAuts
  Bailey: 451 daAuts
    D:10: 138 daAuts
 Abyss:1: 13 daAuts
